[Event "DVM U12 2021-22"]
[Site "Naumburg"]
[Date "2022.03.27"]
[Round "5"]
[White "Teng, David"]
[Black "Dorendorf, Mika"]
[Result "1-0"]
[ECO "B28"]
[WhiteElo "1334"]
[BlackElo "1550"]
[Annotator "NA"]
[PlyCount "78"]
[EventDate "2022.03.25"]
[EventType "team-tourn"]
[EventRounds "7"]
[EventCountry "GER"]
[SourceTitle "playchess.com"]
[Source "ChessBase"]
[SourceQuality "1"]
[TimeControl "40/5400+30:1800+30"]

1. e4 c5 2. Nf3 a6 3. Nc3 Nc6 4. d4 cxd4 5. Nxd4 Nf6 6. Bg5 d6 7. f4 Bg4 8. Qd2 Rc8 9. h3 Bd7 10. O-O-O Qc7 11. Kb1 Nxe4 12. Nxe4 Nxd4 13. Bd3 f6 14. Bh4 e5 15. Bf2 Ne6 16. fxe5 dxe5 17. g3 Bc5 18. Bxc5 Nxc5 19. Nd6+ Ke7 20. Nxc8+ Bxc8 21. Qc3 Qb6 22. Qa3 Be6 23. g4 g6 24. Be4 Rd8 25. Rxd8 Kxd8 26. Rd1+ Ke8 27. Bd5 Qd6 28. Bf3 Qc7 29. Be2 b5 30. Qf3 Ke7 31. Bd3 b4 32. Be4 a5 33. Bd5 a4 34. Bxe6 Nxe6 35. Qe4 Nd4 36. Rxd4 Qb6 37. Rd1 b3 38. cxb3 axb3 39. a3 Qc7 1-0

[Event "DVM U12 2021-22"]
[Site "Naumburg"]
[Date "2022.03.27"]
[Round "5"]
[White "Marinin, Georgii"]
[Black "Stettner, Oskar"]
[Result "1-0"]
[ECO "B17"]
[WhiteElo "1293"]
[BlackElo "1446"]
[Annotator "NA"]
[PlyCount "99"]
[EventDate "2022.03.25"]
[EventType "team-tourn"]
[EventRounds "7"]
[EventCountry "GER"]
[SourceTitle "playchess.com"]
[Source "ChessBase"]
[SourceQuality "1"]
[TimeControl "40/5400+30:1800+30"]

1. e4 c6 2. d4 d5 3. Nc3 dxe4 4. Nxe4 Nd7 5. Nf3 Ngf6 6. Nxf6+ Nxf6 7. c4 Bg4 8. Be2 e6 9. h3 Bxf3 10. Bxf3 Bb4+ 11. Bd2 Qa5 12. a3 Bxd2+ 13. Qxd2 Qxd2+ 14. Kxd2 O-O-O 15. Ke3 Rd7 16. Rhd1 Rhd8 17. b4 Ne8 18. d5 exd5 19. Bg4 dxc4 20. Bxd7+ Rxd7 21. Rxd7 Kxd7 22. Rd1+ Kc7 23. Kd4 Nd6 24. Ke5 c3 25. Rc1 Nc4+ 26. Kf5 Nxa3 27. Rxc3 Nb5 28. Rg3 Nd4+ 29. Ke4 Ne6 30. f4 h6 31. h4 g6 32. f5 Nf8 33. h5 g5 34. f6 Nd7 35. Kf5 b5 36. Re3 c5 37. Re7 cxb4 38. Rxf7 b3 39. Ke6 a5 40. Rxd7+ Kc6 41. f7 b2 42. Rd1 a4 43. f8=Q a3 44. Qxa3 g4 45. Qxb2 g3 46. Rd6+ Kc7 47. Qxb5 Kc8 48. Qc6+ Kb8 49. Rd8+ Ka7 50. Ra8# 1-0

[Event "DVM U12 2021-22"]
[Site "Naumburg"]
[Date "2022.03.27"]
[Round "5"]
[White "Gulamzada, Elmir"]
[Black "Zobel, Christian"]
[Result "0-1"]
[ECO "B00"]
[WhiteElo "1291"]
[BlackElo "1547"]
[Annotator "NA"]
[PlyCount "108"]
[EventDate "2022.03.25"]
[EventType "team-tourn"]
[EventRounds "7"]
[EventCountry "GER"]
[SourceTitle "playchess.com"]
[Source "ChessBase"]
[SourceQuality "1"]
[TimeControl "40/5400+30:1800+30"]

1. e4 b6 2. d4 Bb7 3. Nc3 e6 4. Bc4 Bb4 5. Nge2 Bxe4 6. O-O Bb7 7. Bf4 Bxc3 8. Nxc3 Nf6 9. Re1 O-O 10. Qd3 d5 11. Bb3 c5 12. dxc5 bxc5 13. Qg3 Nh5 14. Qg4 Nxf4 15. Qxf4 Nc6 16. Rad1 Qb8 17. Qxb8 Raxb8 18. Ba4 Nd4 19. Bb5 Nxc2 20. Re2 Nd4 21. Red2 Nxb5 22. Nxb5 a6 23. Nc3 Bc6 24. b3 Rb4 25. Rc2 c4 26. Ne2 Bb5 27. Nd4 cxb3 28. Nxb3 Ba4 29. Rb2 Rfb8 30. Rc1 Kf8 31. Rc3 Bxb3 32. axb3 a5 33. Kf1 a4 34. Ke2 a3 35. Ra2 Rxb3 36. Rc1 Rb2+ 37. Rxb2 axb2 38. Rb1 Ke7 39. Kd3 Kd6 40. Kd4 e5+ 41. Kd3 Kc5 42. f3 f5 43. Kc3 d4+ 44. Kd3 Kd5 45. g3 e4+ 46. fxe4+ fxe4+ 47. Kd2 Kc4 48. Kc2 d3+ 49. Kd2 Kd4 50. Kd1 Kc3 51. g4 e3 52. g5 e2+ 53. Ke1 Rf8 54. Rxb2 Rf1# 0-1

[Event "DVM U12 2021-22"]
[Site "Naumburg"]
[Date "2022.03.27"]
[Round "5"]
[White "Roth, Andreas Christian"]
[Black "Streich, Alexander"]
[Result "1-0"]
[ECO "D02"]
[WhiteElo "1254"]
[BlackElo "1129"]
[Annotator "NA"]
[PlyCount "99"]
[EventDate "2022.03.25"]
[EventType "team-tourn"]
[EventRounds "7"]
[EventCountry "GER"]
[SourceTitle "playchess.com"]
[Source "ChessBase"]
[SourceQuality "1"]
[TimeControl "40/5400+30:1800+30"]

1. d4 d5 2. Nf3 Nc6 3. c4 dxc4 4. d5 Nb4 5. Qa4+ Bd7 6. Qxb4 b5 7. e4 e5 8. Qc3 f6 9. Be2 a5 10. O-O Nh6 11. b3 Bg4 12. Nbd2 Bb4 13. Qc2 c6 14. a3 Bc5 15. bxc4 g5 16. Bb2 Qd7 17. cxb5 Bxf3 18. Bxf3 g4 19. Be2 g3 20. Qxc5 gxh2+ 21. Kxh2 Ng4+ 22. Bxg4 Qxg4 23. Qxc6+ Kf7 24. Qe6+ Qxe6 25. dxe6+ Kxe6 26. Rac1 Rag8 27. g3 h5 28. Rg1 h4 29. g4 Rd8 30. Nb3 a4 31. Nc5+ Kf7 32. Nxa4 Rd2 33. Rgf1 Re2 34. Rc4 f5 35. exf5 e4 36. Bxh8 e3 37. Bd4 h3 38. Bxe3 Kf6 39. Kxh3 Rxe3+ 40. fxe3 Kg5 41. Kg3 Kf6 42. Rc5 Kg5 43. Rh1 Kf6 44. Rh6+ Kg5 45. f6+ Kxh6 46. f7 Kg7 47. f8=Q+ Kh7 48. Qd6 Kg7 49. Rc7+ Kg8 50. Qd8# 1-0

[Event "DVM U12 2021-22"]
[Site "Naumburg"]
[Date "2022.03.27"]
[Round "5"]
[White "Pimenov, Danil"]
[Black "Detjen, Mattes"]
[Result "1-0"]
[ECO "C55"]
[WhiteElo "1227"]
[BlackElo "1124"]
[Annotator "NA"]
[PlyCount "82"]
[EventDate "2022.03.25"]
[EventType "team-tourn"]
[EventRounds "7"]
[EventCountry "GER"]
[SourceTitle "playchess.com"]
[Source "ChessBase"]
[SourceQuality "1"]
[TimeControl "40/5400+30:1800+30"]

1. e4 e5 2. Nf3 Nc6 3. d4 exd4 4. Bc4 Nf6 5. e5 Ne4 6. O-O d5 7. Bb5 Bd7 8. Bxc6 Bxc6 9. Nxd4 Qd7 10. f3 Nc5 11. Be3 Ne6 12. Nd2 Bc5 13. N2b3 Bb6 14. f4 O-O 15. f5 Nxd4 16. Bxd4 Bxd4+ 17. Nxd4 Rae8 18. Qe1 Re7 19. Qg3 f6 20. e6 Qe8 21. Rf4 b6 22. b4 Bb7 23. b5 c5 24. bxc6 Bxc6 25. Rf3 Bb7 26. a4 Qh5 27. Qd6 Rfe8 28. Raa3 Qh4 29. Qb4 Rc7 30. Qd2 Ba6 31. Rf4 Qg5 32. Rg3 Qh6 33. c3 Rc4 34. Rh3 Qg5 35. g4 g6 36. Kf2 Rxa4 37. Kg3 Bc4 38. Nf3 Ra2 39. Qd4 Bf1 40. Nxg5 Bxh3 41. Nxh3 g5 1-0

[Event "DVM U12 2021-22"]
[Site "Naumburg"]
[Date "2022.03.27"]
[Round "5"]
[White "Moldovan, Tudor"]
[Black "Kalinin, Alexey"]
[Result "1-0"]
[ECO "D02"]
[WhiteElo "1219"]
[BlackElo "1341"]
[Annotator "NA"]
[PlyCount "39"]
[EventDate "2022.03.25"]
[EventType "team-tourn"]
[EventRounds "7"]
[EventCountry "GER"]
[SourceTitle "playchess.com"]
[Source "ChessBase"]
[SourceQuality "1"]
[TimeControl "40/5400+30:1800+30"]

1. d4 d5 2. Nf3 e6 3. e3 f5 4. Bd3 Nf6 5. Nbd2 Bd6 6. b3 O-O 7. Bb2 b6 8. Ne5 Bb7 9. O-O Nbd7 10. f4 Rc8 11. Rf3 Ne4 12. Rh3 Ndf6 13. c4 c6 14. Rc1 Re8 15. Nxe4 Nxe4 16. Bxe4 fxe4 17. Qh5 h6 18. Qf7+ Kh7 19. Rxh6+ Kxh6 20. Qg6# 1-0

[Event "DVM U12 2021-22"]
[Site "Naumburg"]
[Date "2022.03.27"]
[Round "5"]
[White "Aaron Joel N"]
[Black "Börner, Eric"]
[Result "0-1"]
[ECO "C51"]
[WhiteElo "1197"]
[BlackElo "1134"]
[Annotator "NA"]
[PlyCount "76"]
[EventDate "2022.03.25"]
[EventType "team-tourn"]
[EventRounds "7"]
[EventCountry "GER"]
[SourceTitle "playchess.com"]
[Source "ChessBase"]
[SourceQuality "1"]
[TimeControl "40/5400+30:1800+30"]

1. e4 e5 2. Nf3 Nc6 3. Bc4 Bc5 4. b4 Bxb4 5. c3 Be7 6. d4 Na5 7. Nxe5 Nxc4 8. Nxc4 d5 9. exd5 Qxd5 10. Ne3 Qc6 11. Nd2 Nf6 12. Bb2 O-O 13. O-O b6 14. Qf3 Bb7 15. Qg3 Bd6 16. Qf3 Ne4 17. Nxe4 Qxe4 18. d5 Qxf3 19. gxf3 Rfe8 20. Kh1 Rad8 21. Rg1 g6 22. c4 Be5 23. Bxe5 Rxe5 24. Rg4 Kf8 25. Rh4 h5 26. Rb1 c6 27. c5 cxd5 28. cxb6 axb6 29. Rxb6 d4 30. Rxb7 dxe3 31. fxe3 Rxe3 32. Rf4 f5 33. Ra7 Re2 34. Rd4 Rxd4 35. Ra8+ Kg7 36. Ra7+ Kh6 37. Rh7+ Kxh7 38. a4 Rd1# 0-1

[Event "DVM U12 2021-22"]
[Site "Naumburg"]
[Date "2022.03.27"]
[Round "5"]
[White "Schriefer, Leo Hans"]
[Black "Schimann, Kirill"]
[Result "0-1"]
[ECO "B13"]
[WhiteElo "1037"]
[BlackElo "1344"]
[Annotator "NA"]
[PlyCount "72"]
[EventDate "2022.03.25"]
[EventType "team-tourn"]
[EventRounds "7"]
[EventCountry "GER"]
[SourceTitle "playchess.com"]
[Source "ChessBase"]
[SourceQuality "1"]
[TimeControl "40/5400+30:1800+30"]

1. e4 c6 2. d4 d5 3. exd5 cxd5 4. Bd3 Nc6 5. c3 Nf6 6. h3 e6 7. Nf3 Bd6 8. Bg5 h6 9. Bxf6 Qxf6 10. O-O O-O 11. Nbd2 a6 12. Re1 Re8 13. Rc1 e5 14. dxe5 Nxe5 15. Nxe5 Rxe5 16. Nf3 Rxe1+ 17. Nxe1 Be6 18. a3 Rc8 19. Nf3 Bf4 20. Rc2 Bd6 21. Nd4 Be5 22. Re2 Bxd4 23. cxd4 Qg5 24. Re3 Bxh3 25. Qf3 Be6 26. g3 Bg4 27. Qg2 Rc1+ 28. Bf1 Qh5 29. Re5 g5 30. Rxd5 Bh3 31. Rd8+ Kg7 32. g4 Qh4 33. Qg3 Rxf1+ 34. Kh2 Rxf2+ 35. Qxf2 Qxf2+ 36. Kh1 Qg2# 0-1

[Event "DVM U12 2021-22"]
[Site "Naumburg"]
[Date "2022.03.27"]
[Round "5"]
[White "Könnecke, Maximilian"]
[Black "Savchenko, Maxim"]
[Result "0-1"]
[ECO "A40"]
[WhiteElo "929"]
[BlackElo "1141"]
[Annotator "NA"]
[PlyCount "86"]
[EventDate "2022.03.25"]
[EventType "team-tourn"]
[EventRounds "7"]
[EventCountry "GER"]
[SourceTitle "playchess.com"]
[Source "ChessBase"]
[SourceQuality "1"]
[TimeControl "40/5400+30:1800+30"]

1. d4 e5 2. dxe5 Nc6 3. f4 f6 4. exf6 Nxf6 5. e3 d5 6. Bb5 Bd7 7. Nf3 Bc5 8. c3 a6 9. Bxc6 Bxc6 10. Ne5 Qe7 11. Qf3 g6 12. Nxc6 bxc6 13. O-O O-O 14. b4 Bb6 15. Re1 Qe6 16. Nd2 Rfe8 17. h3 d4 18. cxd4 Bxd4 19. Rb1 Rad8 20. Nb3 Bc3 21. Nc5 Qxa2 22. Bd2 Bxd2 23. Red1 Bxe3+ 24. Kh2 Rxd1 25. Rxd1 Bxc5 26. Qxc6 Be7 27. Qxc7 Qa4 28. Qc4+ Kf8 29. Re1 Qxb4 30. Qe2 Qxf4+ 31. g3 Qb4 32. Qe3 Bc5 33. Qh6+ Kf7 34. Rf1 Qb2+ 35. Kh1 Re2 36. Qxh7+ Ke6 37. Rxf6+ Qxf6 38. Qg8+ Kf5 39. Qc8+ Kg5 40. Qxc5+ Kh6 41. Qc1+ g5 42. h4 Qf3+ 43. Kg1 Qg2# 0-1

[Event "DVM U12 2021-22"]
[Site "Naumburg"]
[Date "2022.03.28"]
[Round "6"]
[White "Graham, David B"]
[Black "Smith, Tobias"]
[Result "0-1"]
[ECO "B39"]
[WhiteElo "2128"]
[BlackElo "1571"]
[Annotator "ChessBase"]
[PlyCount "144"]
[EventDate "2022.03.25"]
[EventType "team-tourn"]
[EventRounds "7"]
[EventCountry "GER"]
[SourceTitle "playchess.com"]
[Source "ChessBase"]
[SourceQuality "1"]
[TimeControl "40/5400+30:1800+30"]

1. e4 c5 2. Nf3 g6 3. d4 cxd4 4. Nxd4 Nc6 5. c4 Bg7 6. Be3 Nf6 7. Nc3 Ng4 8. Qxg4 Nxd4 9. Qd1 e5 10. Bd3 d6 11. O-O O-O 12. Qd2 Qa5 13. Nd5 Qxd2 14. Bxd2 Be6 15. Rac1 Kh8 16. Kh1 h5 17. Bc3 Rac8 18. Bxd4 exd4 19. Rfd1 h4 20. h3 g5 21. Be2 Be5 22. Bg4 Kg7 23. b4 Bxd5 24. cxd5 Rc3 25. Bd7 Bf4 26. Rxc3 dxc3 27. Ba4 Rc8 28. Bc2 Re8 29. Rd4 b5 30. Rd1 Bd2 31. Kg1 Kf6 32. Kf1 a5 33. bxa5 Ra8 34. Ke2 Rxa5 35. Bb3 Ke5 36. Kd3 Kf4 37. Rg1 Ra7 38. g3+ hxg3 39. Rxg3 f6 40. Bd1 Ke5 41. Bb3 Rh7 42. Bc2 Rh4 43. Ke2 Kd4 44. Rf3 Bf4 45. Bd3 Be5 46. Re3 Kc5 47. a3 Rh8 48. Kf3 Bd4 49. Re1 Rxh3+ 50. Ke2 Rh2 51. Rb1 Rxf2+ 52. Ke1 Rb2 53. Rxb2 cxb2 54. Ke2 g4 55. Kf1 g3 56. Kg2 Bf2 57. Bb1 Kc4 58. Ba2+ Kc3 59. Bb1 Kd2 60. Ba2 Kc1 61. e5 fxe5 62. Kf3 b1=Q 63. Bxb1 Kxb1 64. a4 bxa4 65. Kg2 a3 66. Kh3 a2 67. Kg2 a1=Q 68. Kf3 Qc3+ 69. Kg4 g2 70. Kf5 g1=Q 71. Ke6 Qc8+ 72. Ke7 Bh4+ 0-1

[Event "DVM U12 2021-22"]
[Site "Naumburg"]
[Date "2022.03.28"]
[Round "6"]
[White "Klaska, Philipp Leon"]
[Black "Middendorf, Sven-Jonas"]
[Result "1-0"]
[ECO "D35"]
[WhiteElo "1959"]
[BlackElo "1424"]
[Annotator "RC"]
[PlyCount "49"]
[EventDate "2022.03.25"]
[EventType "team-tourn"]
[EventRounds "7"]
[EventCountry "GER"]
[SourceTitle "playchess.com"]
[Source "ChessBase"]
[SourceQuality "1"]
[TimeControl "40/5400+30:1800+30"]

1. d4 Nf6 2. c4 e6 3. Nc3 d5 4. cxd5 exd5 5. Bg5 Nbd7 6. e3 c6 7. Bd3 Bd6 8. Qc2 h6 9. Bh4 g5 10. Bg3 Bxg3 11. hxg3 c5 12. dxc5 Nxc5 13. Nf3 Ng4 14. Bb5+ Bd7 15. Bxd7+ Nxd7 16. Nxd5 Rc8 17. Qe4+ Nde5 18. Nxe5 Nxe5 19. Qxe5+ Kd7 20. Nf6+ Kc6 21. O-O a6 22. Rfd1 Qf8 23. Rac1+ Kb6 24. Nd7+ Ka7 25. Nxf8 1-0

[Event "DVM U12 2021-22"]
[Site "Naumburg"]
[Date "2022.03.28"]
[Round "6"]
[White "Helms, Finn"]
[Black "Braun, Julian"]
[Result "1-0"]
[ECO "C50"]
[WhiteElo "1911"]
[BlackElo "1620"]
[Annotator "RC"]
[PlyCount "65"]
[EventDate "2022.03.25"]
[EventType "team-tourn"]
[EventRounds "7"]
[EventCountry "GER"]
[SourceTitle "playchess.com"]
[Source "ChessBase"]
[SourceQuality "1"]
[TimeControl "40/5400+30:1800+30"]

1. e4 e5 2. Nf3 Nc6 3. Bc4 Nf6 4. d3 Bc5 5. c3 a6 6. O-O O-O 7. a4 Ba7 8. Be3 d6 9. Nbd2 Be6 10. Re1 Re8 11. Bxe6 fxe6 12. Bxa7 Rxa7 13. d4 exd4 14. cxd4 e5 15. Qb3+ Kh8 16. Ng5 Rf8 17. Nf7+ Rxf7 18. Qxf7 Nxd4 19. Rac1 c6 20. Rc3 Ra8 21. Nf3 Nxf3+ 22. Rxf3 Rb8 23. Rd3 Qa5 24. Ree3 Qxa4 25. h3 Rg8 26. Rxd6 Nxe4 27. Rd7 b5 28. Re7 Qd4 29. Rxe4 Qxe4 30. Re8 Qb1+ 31. Kh2 Qh1+ 32. Kxh1 Rxe8 33. Qxe8# 1-0

[Event "DVM U12 2021-22"]
[Site "Naumburg"]
[Date "2022.03.28"]
[Round "6"]
[White "Haubold, Christian Lucas"]
[Black "Zobel, Christian"]
[Result "0-1"]
[ECO "C42"]
[WhiteElo "1808"]
[BlackElo "1547"]
[Annotator "NA RC"]
[PlyCount "66"]
[EventDate "2022.03.25"]
[EventType "team-tourn"]
[EventRounds "7"]
[EventCountry "GER"]
[SourceTitle "playchess.com"]
[Source "ChessBase"]
[SourceQuality "1"]
[TimeControl "40/5400+30:1800+30"]

1. e4 e5 2. Nf3 Nf6 3. Nxe5 d6 4. Nf3 Nxe4 5. d4 d5 6. Bd3 Bd6 7. O-O O-O 8. c4 c6 9. Qc2 (9. Re1 $14) 9... f5 (9... Na6 $11) 10. Nc3 Be6 11. b3 Nd7 12. Re1 Bf7 13. a3 Rc8 14. c5 Bb8 15. Ne2 Bh5 16. Bxe4 fxe4 17. Ng5 Qf6 18. Be3 (18. Ng3 $142 Bxg3 19. fxg3) 18... h6 19. Nh3 Bg4 20. Nhf4 g5 ({Worse is} 20... Qh4 21. h3 Bxe2 22. Nxe2 $17) 21. Nh3 Bxh3 22. gxh3 Qf5 23. Ng3 Qxh3 24. Qe2 Rf3 25. Qf1 Qh4 26. Qg2 Nf6 27. b4 Nh5 28. a4 Nxg3 29. hxg3 {[%emt 0:01:03] [#]} Bxg3 $1 30. Kf1 Rcf8 31. Ra2 Bf4 $19 32. Bxf4 R3xf4 33. Ree2 Rg4 0-1

[Event "DVM U12 2021-22"]
[Site "Naumburg"]
[Date "2022.03.28"]
[Round "6"]
[White "Burkart, Lloyd Shang"]
[Black "Zhang, Yibo"]
[Result "0-1"]
[ECO "A13"]
[WhiteElo "1681"]
[BlackElo "1397"]
[Annotator "NA RC"]
[PlyCount "100"]
[EventDate "2022.03.25"]
[EventType "team-tourn"]
[EventRounds "7"]
[EventCountry "GER"]
[SourceTitle "playchess.com"]
[Source "ChessBase"]
[SourceQuality "1"]
[TimeControl "40/5400+30:1800+30"]

1. Nf3 d5 2. c4 e6 3. g3 c6 4. Bg2 dxc4 5. Qc2 b5 6. a4 Bb7 7. b3 cxb3 8. Qxb3 b4 9. Bb2 a5 10. O-O Nf6 11. d3 Be7 12. Nbd2 O-O 13. Rac1 c5 14. Rfd1 Na6 15. Nc4 Nd7 16. e3 Qc7 17. e4 Rfd8 18. Nfe5 Nab8 19. f4 Nxe5 20. Bxe5 Qc6 21. Ne3 Qa6 22. h4 Nc6 23. Ba1 Nd4 24. Bxd4 Rxd4 25. Nc4 Rad8 26. Rd2 Bf6 27. Rcd1 R4d7 28. e5 Be7 29. Bxb7 Rxb7 30. Kf2 Rbd7 31. Qb2 Rd4 32. Qb3 h6 33. Ke3 Kh8 34. Rg1 f6 35. Rf1 Kg8 36. Rfd1 Kf8 37. Re1 g5 38. hxg5 hxg5 39. Rf1 Ke8 40. Rg1 g4 41. Rf1 f5 42. Rff2 Qc6 43. Rd1 Qe4+ 44. Kd2 Rxd3+ 45. Kc1 Rxb3 46. Rxd8+ Kxd8 47. Rd2+ Kc7 48. Nb2 Qe1+ 49. Rd1 Qc3+ 50. Kb1 Qxb2# 0-1

[Event "DVM U12 2021-22"]
[Site "Naumburg"]
[Date "2022.03.28"]
[Round "6"]
[White "Xue, Luka"]
[Black "Barthel, Jacob"]
[Result "1-0"]
[ECO "D35"]
[WhiteElo "1610"]
[BlackElo "1321"]
[Annotator "NA RC"]
[PlyCount "147"]
[EventDate "2022.03.25"]
[EventType "team-tourn"]
[EventRounds "7"]
[EventCountry "GER"]
[SourceTitle "playchess.com"]
[Source "ChessBase"]
[SourceQuality "1"]
[TimeControl "40/5400+30:1800+30"]

1. d4 d5 2. c4 e6 3. Nc3 Nf6 4. Bg5 c6 5. cxd5 exd5 6. e3 Bf5 7. Qf3 Bg6 8. Bxf6 Qxf6 9. Qxf6 gxf6 10. Nf3 h5 11. g3 Bd6 12. Bh3 Na6 13. a3 Nc7 14. Nh4 Rg8 15. Nf5 Bxf5 16. Bxf5 Ne6 17. b4 b5 18. Ke2 Ke7 19. Na2 Ng7 20. Bh3 f5 21. Nc1 Kf6 22. Nb3 Rgc8 23. Rhc1 Ne6 24. Rc3 Rc7 25. Rac1 Rac8 26. Na5 Nd8 27. Bg2 Ke6 28. f4 Be7 29. h4 Bf6 30. Bf3 Kd6 31. Bxh5 Re7 32. Kf2 Re8 33. Bf3 Be7 34. Bg2 Rc7 35. Bh3 Rh8 36. Bxf5 Rh5 37. Bg4 Rh8 38. Be2 a6 39. Nb3 Ne6 40. Nc5 Nd8 41. Nxa6 Rb7 42. Nc5 Rb6 43. Nd3 Bf6 44. h5 Bg7 45. g4 f6 46. Ne1 Bh6 47. Nf3 Rg8 48. Nh4 Kd7 49. Nf5 Bf8 50. Rg1 Ne6 51. Bd3 Rb7 52. Nh4 Kd6 53. Bf5 Rc7 54. Bxe6 Kxe6 55. Ng6 Kd6 56. g5 fxg5 57. fxg5 Rh7 58. Nf4 Rhh8 59. e4 dxe4 60. Rh3 Bg7 61. Ke3 Bh6 62. Ng6 Rxg6 63. hxg6 Bxg5+ 64. Rxg5 Rxh3+ 65. Kxe4 Rh8 66. g7 Rg8 67. Kf5 Ke7 68. Kg6 c5 69. dxc5 Rc8 70. Kh7 Rh8+ 71. gxh8=Q Ke6 72. Re5+ Kd7 73. Qe8+ Kc7 74. Re7# 1-0

[Event "DVM U12 2021-22"]
[Site "Naumburg"]
[Date "2022.03.28"]
[Round "6"]
[White "Dorendorf, Mika"]
[Black "Detjen, Mattes"]
[Result "1-0"]
[ECO "C56"]
[WhiteElo "1550"]
[BlackElo "1124"]
[Annotator "COMBH"]
[PlyCount "51"]
[EventDate "2022.03.25"]
[EventType "team-tourn"]
[EventRounds "7"]
[EventCountry "GER"]
[SourceTitle "playchess.com"]
[Source "ChessBase"]
[SourceQuality "1"]
[TimeControl "40/5400+30:1800+30"]

1. e4 e5 2. Nf3 Nc6 3. d4 exd4 4. Bc4 Nf6 5. O-O Nxe4 6. Re1 d5 7. Bxd5 Qxd5 8. Nc3 Qd8 9. Rxe4+ Be6 10. Nxd4 Nxd4 11. Rxd4 Bd6 12. Nb5 Ke7 13. Bf4 Kf8 14. Nxc7 Rc8 15. Nxe6+ fxe6 16. Rxd6 Qf6 17. Qd4 Qf7 18. Rd7 Qf6 19. Be5 Qg6 20. Qd6+ Kg8 21. Rxg7+ Qxg7 22. Bxg7 Kxg7 23. Qe7+ Kg6 24. Qxe6+ Kg7 25. Rd1 Rcd8 26. Qe7+ 1-0

[Event "DVM U12 2021-22"]
[Site "Naumburg"]
[Date "2022.03.28"]
[Round "6"]
[White "Stettner, Oskar"]
[Black "Flierl, Veronika"]
[Result "0-1"]
[ECO "B13"]
[WhiteElo "1446"]
[BlackElo "1356"]
[Annotator "NA RC"]
[PlyCount "116"]
[EventDate "2022.03.25"]
[EventType "team-tourn"]
[EventRounds "7"]
[EventCountry "GER"]
[SourceTitle "playchess.com"]
[Source "ChessBase"]
[SourceQuality "1"]
[TimeControl "40/5400+30:1800+30"]

1. e4 c6 2. d4 d5 3. exd5 cxd5 4. c4 e6 5. Nc3 h6 6. Nf3 Nf6 7. cxd5 exd5 8. Bd3 Bd6 9. O-O O-O 10. h3 Nc6 11. Be3 Re8 12. Rc1 Bb8 13. Re1 a6 14. Bd2 Rxe1+ 15. Qxe1 Qd6 16. Be3 Be6 17. Qd2 Ne7 18. Ne2 Ne4 19. Bxe4 dxe4 20. Bf4 Qd5 21. Ne5 Nf5 22. b3 Nh4 23. Nc3 e3 24. Nxd5 exd2 25. Ne7+ Kf8 26. Bxd2 Kxe7 27. Bb4+ Kf6 28. Ng4+ Kf5 29. d5 Bxd5 30. Ne3+ Ke6 31. Nxd5 Kxd5 32. Rc5+ Ke6 33. g3 Bd6 34. gxh4 Bxc5 35. Bxc5 h5 36. b4 Rd8 37. a4 Rd1+ 38. Kg2 Rc1 39. Kg3 Rxc5 40. bxc5 Kd5 41. Kf4 Kxc5 42. a5 Kb4 43. Ke5 Kxa5 44. Kd6 Kb5 45. Ke7 a5 46. Kxf7 a4 47. Kxg7 a3 48. f4 a2 49. f5 a1=Q+ 50. f6 Kc6 51. Kg6 Kd7 52. Kf7 b5 53. Kg6 b4 54. Kf7 b3 55. Kg6 b2 56. Kf7 b1=Q 57. Kg8 Qg6+ 58. Kh8 Qaxf6# 0-1

[Event "DVM U12 2021-22"]
[Site "Naumburg"]
[Date "2022.03.28"]
[Round "6"]
[White "Ruddat, Jarne"]
[Black "Goldschmidt, Jakob"]
[Result "1-0"]
[ECO "B01"]
[WhiteElo "1419"]
[BlackElo "1081"]
[Annotator "COMBH"]
[PlyCount "75"]
[EventDate "2022.03.25"]
[EventType "team-tourn"]
[EventRounds "7"]
[EventCountry "GER"]
[SourceTitle "playchess.com"]
[Source "ChessBase"]
[SourceQuality "1"]
[TimeControl "40/5400+30:1800+30"]

1. e4 d5 2. exd5 Qxd5 3. Nc3 Qd6 4. Bc4 a6 5. d3 b5 6. Bxf7+ Kd8 7. Qf3 Nc6 8. Bd5 Nf6 9. Bxc6 Bg4 10. Qg3 Qxc6 11. h3 Bf5 12. Nf3 g6 13. O-O Bg7 14. Ne5 Qe6 15. Qf3 Be4 16. Nxe4 Rc8 17. Nxf6 exf6 18. Nc6+ Kd7 19. Nd4 Qd6 20. Qg4+ Ke8 21. Qxc8+ Kf7 22. Qg4 h5 23. Qe4 f5 24. Nxf5 gxf5 25. Qxf5+ Kg8 26. Bf4 Qd8 27. Rfe1 Bxb2 28. Qg6+ Kf8 29. Bh6+ Rxh6 30. Qxh6+ Bg7 31. Qf4+ Kg8 32. Rab1 Bc3 33. Re6 Qd7 34. Rg6+ Bg7 35. Re1 Kh7 36. Qg5 Bf8 37. Qxh5+ Bh6 38. Qxh6# 1-0

[Event "DVM U12 2021-22"]
[Site "Naumburg"]
[Date "2022.03.28"]
[Round "6"]
[White "Friedrich, Timofej"]
[Black "Shkundin, Maximilian"]
[Result "1/2-1/2"]
[ECO "B23"]
[WhiteElo "1377"]
[BlackElo "1375"]
[Annotator "NA RC"]
[PlyCount "42"]
[EventDate "2022.03.25"]
[EventType "team-tourn"]
[EventRounds "7"]
[EventCountry "GER"]
[SourceTitle "playchess.com"]
[Source "ChessBase"]
[SourceQuality "1"]
[TimeControl "40/5400+30:1800+30"]

1. e4 c5 2. Nc3 d6 3. Bc4 Nc6 4. f4 e6 5. Nf3 Nge7 6. a3 a6 7. Ba2 b5 8. Ne2 d5 9. e5 h5 10. d4 Nf5 11. c3 c4 12. Bb1 g6 13. Bxf5 gxf5 14. h4 f6 15. g3 Ra7 16. Rg1 Rg7 17. Kf2 Be7 18. Rh1 Kd7 19. Qg1 Rhg8 20. Be3 Qf8 21. Bd2 Rg6 1/2-1/2

[Event "DVM U12 2021-22"]
[Site "Naumburg"]
[Date "2022.03.28"]
[Round "6"]
[White "Schäfle, Moritz"]
[Black "Meusel, Theodor"]
[Result "0-1"]
[ECO "A07"]
[WhiteElo "1346"]
[BlackElo "1258"]
[Annotator "COMBH"]
[PlyCount "74"]
[EventDate "2022.03.25"]
[EventType "team-tourn"]
[EventRounds "7"]
[EventCountry "GER"]
[SourceTitle "playchess.com"]
[Source "ChessBase"]
[SourceQuality "1"]
[TimeControl "40/5400+30:1800+30"]

1. Nf3 d5 2. g3 Nf6 3. Bg2 c6 4. O-O Bg4 5. d4 Nbd7 6. c4 dxc4 7. Na3 Bxf3 8. Bxf3 Nb6 9. e4 e6 10. Be3 c3 11. Qb3 cxb2 12. Qxb2 Be7 13. Rab1 O-O 14. Nc2 Qc7 15. Rfc1 Bd8 16. Bf4 Qd7 17. Ne3 Rc8 18. a4 Bc7 19. e5 Nfd5 20. a5 Na4 21. Qxb7 Nac3 22. Ra1 Nxf4 23. gxf4 Qxd4 24. Qb2 Qxf4 25. Qxc3 Qxf3 26. Qxc6 Qxc6 27. Rxc6 Bxe5 28. Rac1 Rxc6 29. Rxc6 h6 30. Ra6 Bd4 31. Nc4 Rd8 32. Na3 Rd5 33. Nc2 Bc5 34. Ne3 Rd6 35. Rxd6 Bxd6 36. Nc4 Bc5 37. a6 Kf8 0-1